 Dungeon Crawl Stone Soup version 0.29.0-4-gdea44cf6ec (webtiles) character file.

Game seed: 12395730767627711106

96 qw the Chopper (level 4, 0/26 HPs)
             Began as a Tengu Warper on Aug 28, 2022.
             Slain by Ijyb
             ... wielding a +0 dagger
              (2 damage)
             ... on level 3 of the Dungeon.
             The game lasted 00:00:14 (2410 turns).

qw the Chopper (Tengu Warper)                       Turns: 2410, Time: 00:00:15

Health: 0/26       AC:  3    Str: 13    XL:     4   Next: 67%
Magic:  8/8        EV: 12    Int: 13    God:
Gold:   185        SH:  0    Dex: 14    Spells: 7/7 levels left

rFire   . . .      SeeInvis .   Y - +1 hand axe
rCold   . . .      Faith    .   (no shield)
rNeg    . . .      Spirit   .   b - +0 leather armour
rPois   .          Reflect  .   (helmet restricted)
rElec   .          Harm     .   (no cloak)
rCorr   .          Rampage  .   (no gloves)
Will    .....                   (boots unavailable)
Stlth   +.........              (no amulet)
HPRegen 0.08/turn               (no ring)
MPRegen 0.11/turn               (no ring)

@: confused
A: beak, talons 3
a: no special abilities


You were on level 3 of the Dungeon.
You visited 1 branch of the dungeon, and saw 3 of its levels.

You collected 185 gold pieces.


Innate Abilities, Weirdness & Mutations

You have a beak for a mouth.
You have claws for feet.


   Skills:
 - Level 2.0 Fighting
 + Level 5.2 Axes
 - Level 1.0 Throwing
 - Level 1.1 Armour
 - Level 2.1 Dodging
 - Level 2.0 Spellcasting
 - Level 2.4 Translocations


You had 7 spell levels left.
You didn't know any spells.
Your spell library contained the following spells:

 Spells                   Type           Power      Damage    Failure   Level
 Blink                    Tloc           14%        N/A       19%         2
 Gell's Gravitas          Tloc           7%         N/A       36%         3
 Lesser Beckoning         Tloc           7%         N/A       36%         3
 Teleport Other           Tloc           7%         N/A       36%         3
 Manifold Assault         Tloc           7%         N/A       98%         5

Inventory:

Hand Weapons
 e - a +4 whip
 Y - a +1 hand axe (weapon)
Armour
 b - a +0 leather armour (worn)
 c - a +0 ring mail
Jewellery
 j - a +4 ring of evasion
Scrolls
 a - 2 scrolls of identify
 g - a scroll of teleportation
Potions
 d - a potion of haste
 f - a potion of cancellation {unknown}
 h - a potion of curing {unknown}
 i - a potion of degeneration {unknown}

Dungeon Overview and Level Annotations

Branches:
Dungeon (3/15)

Altars:

Annotations:
D:3 Grinder, Ijyb


Message History

Ijyb hits you but does no damage.
Grinder blinks!
Ijyb hits you with a +0 dagger. Ijyb attacks as you move away!
Ijyb closely misses you.
You barely miss Ijyb. Your kick misses Ijyb. Ijyb barely misses you.
You miss Ijyb. Your kick misses Ijyb.
You feel less confused.
Ijyb zaps a wand.
You resist with some effort.
You closely miss Ijyb. Ijyb closely misses you.
You hit Grinder. Your kick misses Grinder. Your peck misses Grinder.
Grinder is moderately wounded.
You hit Ijyb.
Ijyb zaps a wand.
Your will is overpowered!
You are confused.
Grinder barely misses you. Grinder attacks as you move away!
Grinder misses you. Ijyb attacks as you move away! Ijyb barely misses you.
Ijyb screams, "Level is mine!
All mine!"
Ijyb hits you with a +0 dagger. Grinder gestures at you.
You resist with significant effort.
You completely miss Grinder.
Grinder is moderately wounded.
You barely miss Ijyb. Ijyb hits you with a +0 dagger. Grinder gestures at you.
You suddenly lose the ability to move!
Ijyb hits you with a +0 dagger. Grinder hits you.
Ijyb hits you with a +0 dagger. Grinder barely misses you.
You feel less confused.
Ijyb zaps a wand.
Your will is overpowered!
You are confused.
Grinder hits you but does no damage.
You can move again.
You hit Grinder.
Grinder is moderately wounded.
You closely miss Ijyb. Ijyb hits you with a +0 dagger.
You die...

....
+......'.....'%%..
#...#
#......###...##.#.
..[.##...5..#
#...##.#.
#..#......#
######.#.
#........# #+#.
####..###### ..
#.......# ..
#....5g.## ..
#....@.[.# ...
#########
#......#...#
#.......#
#......###.#
#.......# #...)..#
.# #.......#
........# .
#.......##....#####
. #. #.......##....
#. '.......######
#.#. #.......#### #
#.#.


You could see Grinder and Ijyb.

Vanquished Creatures
  A hound (D:3)
  Robin (D:3)
  A dart slug (D:1)
  3 orcs (D:2)
  3 endoplasms
  3 giant cockroaches
  10 goblins
  10 hobgoblins
  3 jackals (D:3)
  3 kobolds
  A ball python (D:1)
  A bat (D:3)
  A frilled lizard (D:2)
  3 rats
44 creatures vanquished.

Notes
Turn   | Place    | Note
-------+----------+-------------------------------------------
     0 | D:1      | qw the Tengu Warper began the quest for the Orb.
     0 | D:1      | Reached XP level 1. HP: 12/12 MP: 4/4
     0 | D:1      | 0 ||| qw: Version: 0.1-a-89-g26bdef1
     0 | D:1      | 0 ||| qw: Game counter: 951
     0 | D:1      | 0 ||| qw: Always use a shield: true
     0 | D:1      | 0 ||| qw: God list: Okawaru
     0 | D:1      | 0 ||| qw: Allow faded altars: false
     0 | D:1      | 0 ||| qw: Do Orc after D:15 true
     0 | D:1      | 0 ||| qw: Do second Lair branch before Depths: true
     0 | D:1      | 0 ||| qw: Lair rune preference: random
     0 | D:1      | 0 ||| qw: Plans: Normal
     0 | D:1      | 0 ||| PLANNING D:1-11
    74 | D:1      | 74 ||| Stepping ~*~*~tactically~*~*~ (stealth).
    76 | D:1      | 76 ||| Stepping ~*~*~tactically~*~*~ (stealth).
   292 | D:1      | Reached XP level 2. HP: 17/17 MP: 6/6
   325 | D:1      | Reached skill level 3 in Axes
   390 | D:1      | Found a faded altar of an unknown god.
   657 | D:1      | 657 ||| READING 4 scrolls labelled LUH LUL VEACU.
   658 | D:1      | 658 ||| READING 3 scrolls of identify.
   658 | D:1      | 658 ||| IDENTIFYING fizzy blue potion
   659 | D:1      | 659 ||| READING 2 scrolls of identify.
   659 | D:1      | 659 ||| IDENTIFYING smoky purple potion
   660 | D:1      | 660 ||| DROPPING scroll of blinking.
   661 | D:1      | 661 ||| DROPPING potion of attraction.
   978 | D:2      | 978 ||| Stepping ~*~*~tactically~*~*~ (stealth).
  1011 | D:2      | 1011 ||| FLEEEEING.
  1012 | D:2      | 1012 ||| FLEEEEING.
  1013 | D:2      | 1013 ||| FLEEEEING.
  1014 | D:2      | 1014 ||| FLEEEEING.
  1015 | D:2      | 1015 ||| FLEEEEING.
  1016 | D:2      | 1016 ||| FLEEEEING.
  1017 | D:2      | 1017 ||| FLEEEEING.
  1018 | D:2      | 1018 ||| FLEEEEING.
  1019 | D:2      | 1019 ||| FLEEEEING.
  1020 | D:2      | 1020 ||| FLEEEEING.
  1021 | D:2      | 1021 ||| FLEEEEING.
  1022 | D:2      | 1022 ||| FLEEEEING.
  1023 | D:2      | 1023 ||| FLEEEEING.
  1026 | D:2      | 1026 ||| FLEEEEING.
  1027 | D:2      | 1027 ||| FLEEEEING.
  1028 | D:2      | 1028 ||| FLEEEEING.
  1029 | D:2      | 1029 ||| FLEEEEING.
  1030 | D:2      | 1030 ||| STAIRDANCE
  1065 | D:1      | 1065 ||| READING scroll labelled VUIFUCSO ZYRPH.
  1066 | D:1      | 1066 ||| READING 2 scrolls labelled ACKIWAOGYR.
  1071 | D:1      | 1071 ||| READING scroll labelled HOTUTYCSIC.
  1123 | D:2      | 1123 ||| Stepping ~*~*~tactically~*~*~ (stealth).
  1125 | D:2      | 1125 ||| Stepping ~*~*~tactically~*~*~ (stealth).
  1139 | D:2      | 1139 ||| FLEEEEING.
  1140 | D:2      | 1140 ||| FLEEEEING.
  1148 | D:2      | 1148 ||| FLEEEEING.
  1149 | D:2      | 1149 ||| FLEEEEING.
  1155 | D:2      | 1155 ||| FLEEEEING.
  1156 | D:2      | 1156 ||| FLEEEEING.
  1163 | D:2      | 1163 ||| STAIRDANCE
  1186 | D:2      | Reached XP level 3. HP: 20/21 MP: 7/7
  1693 | D:2      | 1693 ||| READING scroll labelled LUBOCVUGRE.
  1694 | D:2      | 1694 ||| READING 2 scrolls of identify.
  1694 | D:2      | 1694 ||| IDENTIFYING brown potion
  1695 | D:2      | 1695 ||| DROPPING potion of lignification.
  1849 | D:3      | Reached skill level 4 in Axes
  1882 | D:3      | 1882 ||| Stepping ~*~*~tactically~*~*~ (stealth).
  1884 | D:3      | 1884 ||| Stepping ~*~*~tactically~*~*~ (stealth).
  1886 | D:3      | 1886 ||| Stepping ~*~*~tactically~*~*~ (stealth).
  2046 | D:3      | Noticed Robin
  2056 | D:3      | Killed Robin
  2058 | D:3      | Reached XP level 4. HP: 12/26 MP: 8/8
  2321 | D:3      | Reached skill level 5 in Axes
  2358 | D:3      | 2358 ||| Stepping ~*~*~tactically~*~*~ (stealth).
  2381 | D:3      | Noticed Grinder
  2381 | D:3      | Noticed Ijyb
  2382 | D:3      | 2382 ||| Stepping ~*~*~tactically~*~*~ (hiding).
  2406 | D:3      | Paralysed by Grinder for 4 turns
  2407 | D:3      | HP: 4/26 [Ijyb/+0 dagger (3)]
  2410 | D:3      | Slain by Ijyb

Levels and vault maps discovered:
D:1:      lemuel_arrival_tunnels, layout_rooms, basic_ecumenical_altar,
          minmay_stone_trees_small
D:2:      layout_basic, guppyfry_early_orc_mine
D:3:      layout_basic, yredelemnul_altar_generic, tgw_xom, uniq_robin,
          uniq_grinder, uniq_ijyb

Skill      XL: |  1  2  3  4 |
---------------+-------------+-----
Axes           | 3 4 5 |  5.2
Fighting       | |  2.0
Throwing       | |  1.0
Armour         | |  1.1
Dodging        | |  2.1
Spellcasting   | |  2.0
Translocations | |  2.4

Action                   |  1- 3 |  4- 6 || total
-------------------------+-------+-------++-------
Melee: Hand axe          |    78 |    36 ||   114
       Kick              |    23 |     5 ||    28
       Peck              |     7 |     2 ||     9
Throw: Boomerang         |     7 |       ||     7
  Use: Scroll            |     8 |       ||     8
Armor: Leather armour    |    13 |    15 ||    28
Dodge: Dodged            |    38 |    24 ||    62

Table legend:
 A = Non-vault XP
 B = Vault XP
 C = Vault XP percentage of total XP
 D = Non-vault monster count
 E = Vault monster count
 F = Vault count percentage of total count
                 A         B        C        D         E       F
            +---------+---------+-------+---------+---------+-------
      Total |      82 |      56 |  40.6 |      24 |      20 |  45.5
            +---------+---------+-------+---------+---------+-------
        D:1 |      17 |       0 |   0.0 |       9 |       0 |   0.0
        D:2 |       6 |      17 |  73.9 |       4 |       7 |  63.6
        D:3 |      59 |      39 |  39.8 |      11 |      13 |  54.2
            +---------+---------+-------+---------+---------+-------
